 Dungeon Crawl Stone Soup version 0.31.0-11-ge490571c62 (webtiles) character file.

Game seed: 10872539808950597696

322174 mdonais the Slayer (level 21, -13/158 (171) HPs)
             Began as an Octopode Reaver on Jan 31, 2024.
             Was the Champion of Okawaru.
             Killed from afar by a tengu reaver (19 damage)
             ... with a bolt of lightning
             ... led by Sojobo
             ... on level 1 of the Crypt on Feb 1, 2024.
             The game lasted 03:01:35 (48557 turns).

mdonais the Slayer (Octopode Reaver)               Turns: 48557, Time: 03:01:36

HP:   -13/158 (171) AC: 20    Str: 13    XL:     21   Next: 54%
MP:   0/21          EV: 41    Int: 22    God:    Okawaru [******]
Gold: 1266          SH:  9    Dex: 34    Spells: 21/30 levels left

rFire   + . .        b - +3 hand cannon (heavy)
rCold   . . .        c - +0 buckler of Vearu {rF+ Slay+3 Stlth+}
rNeg    . . .        A - +3 hat of Experimentation {Will++}
rPois   .            o - amulet of guardian spirit
rElec   .            i - +4 ring of protection
rCorr   +            M - +4 ring of protection
SInv    +            y - +4 ring of protection
Will    +++..        W - +4 ring of protection
Stlth   ++++++++     g - +6 ring of dexterity
HPRegen 0.46/turn    j - +6 ring of dexterity
MPRegen 0.17/turn    t - ring "Yryxen" {rCorr MP-9 Int+3 Dex+6 SInv}
                     s - +5 ring of evasion

%: guardian spirit
@: lethally poisoned (-13 -> -33), drained
A: almost no armour, amphibious, 8 rings, camouflage 1, gelatinous body 1,
(nimble swimmer 1), tentacles
}: 2/15 runes: decaying, serpentine
a: Renounce Religion, Heroism, Finesse, Duel


You were on level 1 of the Crypt.
You worshipped Okawaru.
Okawaru was exalted by your worship.
You visited 9 branches of the dungeon, and saw 39 of its levels.
You also visited: Sewer, Ossuary, Bailey and Volcano.

You collected 4637 gold pieces.
You spent 3371 gold pieces at shops.

Inventory:

Hand Weapons
 a - a +8 longbow of flaming
   (Okawaru gifted it to you on level 1 of the Lair of Beasts)
 b - a +3 heavy hand cannon (weapon)
   (You took it off a yaktaur captain on level 3 of the Vaults)
 U - the +8 autumn katana {manifold assault}
   (You found it on level 3 of the Vaults)
Missiles
 F - 15 curare-tipped darts
 G - 8 datura-tipped darts
 Z - a throwing net {=!f}
Armour
 c - the +0 buckler of Vearu (worn) {rF+ Slay+3 Stlth+}
   (Okawaru gifted it to you on level 1 of the Lair of Beasts)

   Slay+3:    It affects your accuracy & damage with ranged weapons and melee
   (+3).
   rF+:       It protects you from fire.
   Stlth+:    It makes you more stealthy.
 A - the +3 hat of Experimentation (worn) {Will++}
   (You acquired it on level 6 of the Dungeon)

   Will++:    It greatly increases your willpower.
 C - a +0 kite shield of protection
   (You took it off a naga warrior on level 2 of the Snake Pit)
Jewellery
 f - a ring of protection from fire
   (You found it on level 2 of the Lair of Beasts)
 g - a +6 ring of dexterity (on tentacle)
   (You found it on level 12 of the Dungeon)
 i - a +4 ring of protection (left tentacle)
   (You found it on level 2 of the Snake Pit)
 j - a +6 ring of dexterity (on tentacle)
   (You bought it in a shop on level 2 of the Orcish Mines)
 o - an amulet of guardian spirit (around mantle)
   (You found it on level 7 of the Dungeon)
 r - an amulet of regeneration
   (You found it on level 4 of the Vaults)
 s - a +5 ring of evasion (on tentacle)
   (You bought it in a shop on level 2 of the Orcish Mines)
 t - the ring "Yryxen" (on tentacle) {rCorr MP-9 Int+3 Dex+6 SInv}
   (You bought it in a shop on level 1 of the Snake Pit)

   [ring of dexterity]

   Int+3:     It affects your intelligence (+3).
   Dex+6:     It affects your dexterity (+6).
   MP-9:      It affects your magic capacity (-9).
   SInv:      It lets you see invisible.
   rCorr:     It protects you from acid and corrosion.
 y - a +4 ring of protection (on tentacle)
   (You found it on level 6 of the Dungeon)
 z - a ring of protection from cold
   (You found it on level 10 of the Dungeon)
 M - a +4 ring of protection (right tentacle)
   (You found it on level 10 of the Dungeon)
 V - the ring "Satril" {rPois Will- Str+6 Int-4}
   (You acquired it on level 8 of the Dungeon)

   [ring of poison resistance]

   Str+6:     It affects your strength (+6).
   Int-4:     It affects your intelligence (-4).
   rPois:     It protects you from poison Will-: It decreases your willpower.
 W - a +4 ring of protection (on tentacle)
   (You found it on level 15 of the Dungeon)
Wands
 D - a wand of digging (7)
   (You found it on level 15 of the Dungeon)
 E - a wand of roots (29)
   (You found it on level 8 of the Dungeon)
 N - a wand of light (15)
   (You found it on level 10 of the Dungeon)
 P - a wand of paralysis (52)
   (You found it on level 4 of the Dungeon)
Scrolls
 l - 3 scrolls of fear
 n - 6 scrolls of vulnerability
 B - 4 scrolls of blinking
 K - 2 scrolls of poison
 L - 4 scrolls of revelation
 R - 2 scrolls of silence
 S - 3 scrolls of immolation
 T - 17 scrolls of teleportation
 Y - 3 scrolls of fog
Potions
 d - 5 potions of cancellation
 e - 3 potions of ambrosia
 h - 3 potions of mutation
 k - 8 potions of heal wounds
 m - 4 potions of magic
 p - 6 potions of berserk rage
 q - 4 potions of resistance
 u - 2 potions of lignification
 w - 5 potions of enlightenment
 H - 11 potions of haste
 I - 2 potions of attraction
 Q - 7 potions of curing
 X - 5 potions of might
Miscellaneous
 v - a lightning rod (4/4)
   (You found it on level 10 of the Dungeon)


   Skills:
 + Level 22.5 Fighting
 - Level 6.0 Short Blades
 - Level 20.0 Ranged Weapons
 + Level 18.0 Dodging
 - Level 12.0 Stealth
 + Level 7.9 Shields
 - Level 5.0 Spellcasting
 - Level 3.0 Conjurations
 - Level 1.0 Necromancy
 - Level 3.0 Translocations
 - Level 2.0 Earth Magic
 - Level 12.0 Invocations
 - Level 7.0 Evocations


You had 21 spell levels left.
You knew the following spells:

 Your Spells              Type           Power      Damage    Failure   Level
a - Kiss of Death         Conj/Necr      56%        2d9       5%          1
b - Momentum Strike       Conj/Tloc      36%        3d9       5%          2
c - Passwall              Erth           14%        N/A       17%         3
d - Teleport Other        Tloc           18%        N/A       11%         3

Your spell library contained the following spells:

 Spells                   Type           Power      Damage    Failure   Level
 Blink                    Tloc           36%        N/A       5%          2
 Lesser Beckoning         Tloc           36%        N/A       5%          2
 Gell's Gravitas          Tloc           18%        N/A       11%         3
 Freeze                   Ice            20%        1d4       13%         1
 Slow                     Hex            20%        N/A       13%         1
 Ensorcelled Hibernation  Hex/Ice        10%        N/A       19%         2
 Mercury Vapours          Alch/Air       10%        N/A       19%         2
 Hailstorm                Conj/Ice       12%        3d6       21%         3
 Fugue of the Fallen      Necr           9%         N/A       26%         3
 Mephitic Cloud           Conj/Alch/Air  9%         N/A       26%         3
 Vampiric Draining        Necr           9%         2d6       26%         3
 Confusing Touch          Hex            5%         N/A       36%         3
 Frozen Ramparts          Ice            10%        1d2       36%         3
 Inner Flame              Hex/Fire       5%         N/A       36%         3
 Ozocubu's Armour         Ice            5%         N/A       36%         3
 Sigil of Binding         Hex            5%         N/A       36%         3
 Swiftness                Air            5%         N/A       36%         3
 Manifold Assault         Tloc           18%        N/A       36%         4
 Brom's Barrelling Bould  Conj/Erth      16%        2d4       41%         4
 Dimensional Bullseye     Hex/Tloc       6%         N/A       56%         4
 Flame Wave               Conj/Fire      12%        2d6       56%         4
 Vhi's Electric Charge    Tloc/Air       24%        N/A       56%         4
 Dispel Undead            Necr           9%         3d8       63%         4
 Leda's Liquefaction      Alch/Erth      4%         N/A       63%         4
 Anguish                  Hex/Necr       3%         N/A       71%         4
 Iskenderun's Battlesphe  Conj           18%        2d7       71%         5
 Cause Fear               Hex            2%         N/A       77%         4
 Ignite Poison            Fire/Alch      5%         N/A       77%         4
 Sticky Flame             Fire/Alch      5%         2d4       77%         4
 Lee's Rapid Deconstruct  Erth           7%         3d6*      83%         5
 Arcjolt                  Conj/Air       6%         1d16      88%         5
 Fireball                 Conj/Fire      6%         3d5       88%         5
 Freezing Cloud           Conj/Ice/Air   4%         6-21      93%         5
 Dispersal                Tloc           9%         N/A       99%         6
 Bombard                  Conj/Erth      8%         9d2       100%        6
 Conjure Ball Lightning   Conj/Air       6%         3x3d6     100%        6
 Plasma Beam              Fire/Air       2%         2x1d12    100%        6
 Enfeeble                 Hex            2%         N/A       100%        7
 Orb of Destruction       Conj           9%         9d6       100%        7
 Disjunction              Tloc           9%         N/A       100%        8
 Ignition                 Fire           2%         3d3       100%        8
 Call Canine Familiar     Summ           Unusable   N/A       N/A         3
 Animate Armour           Summ/Erth      Unusable   N/A       N/A         4
 Summon Lightning Spire   Summ/Air       Unusable   N/A       N/A         4
 Summon Forest            Summ/Tloc      Unusable   N/A       N/A         5
 Summon Mana Viper        Hex/Summ       Unusable   N/A       N/A         5
 Summon Cactus Giant      Summ           Unusable   N/A       N/A         6

Dungeon Overview and Level Annotations

Branches:
Dungeon (15/15) Zot: 25487  Temple (1/1) D:7 Zot: 5998    Lair (5/5) D:8 Zot: 21866
  Swamp (4/4) Lair:2 Zot: 20964   Snake (4/4) Lair:2 Zot: 18936   Slime (0/5) Lair:5
    Orc (2/2) D:9 Zot: 9201     Elf (3/3) Orc:2 Zot: 15004  Vaults (4/5) D:13 Zot: 17975
  Crypt (1/3) Vaults:3 Zot: 5950  Depths (0/4) D:15          Sewer (visited)
Ossuary (visited)          Bailey (visited)         Volcano (visited)

Altars:
Ashenzari
Cheibriados
Dithmenos
Elyvilon
Fedhas
Gozag
Hepliaklqana
Kikubaaqudgha
Makhleb
Nemelex Xobeh
Okawaru
Qazlal
Ru
Sif Muna
Trog
Uskayaw
Vehumet
Wu Jian
Xom
Yredelemnul
Zin
The Shining One
Jiyva

Shops:
D:4 (   D:7 :   D:15 (   Orc:2 :=[!   Snake:1 :=:!   Vaults:3 !:!![

Annotations:
Lair:2 1 runed translucent door, becking's ghost, journeyman MiFi
Elf:2 3 runed translucent doors
Elf:3 exclusion: 2 doors
Vaults:2 8 runed translucent doors amulet, astronautguy's ghost, master FoEE
Crypt:1 Sojobo


Innate Abilities, Weirdness & Mutations

You cannot wear most types of armour.
You are amphibious.
You can wear up to eight rings at the same time.
Your skin changes colour to match your surroundings (Stealth+).
Your rubbery body absorbs attacks. (AC +1, EV +1)
((You are camouflaged when in or above water. (Stealth+)))
You have tentacles for arms and can constrict up to eight enemies at once.


Message History

Sojobo completely misses you.
A skeletal warrior comes into view. It is wielding a +0 morningstar.
Unknown command.
Blink to where?
Press: ? - help, Dir - move target
As you read the scroll of blinking, it crumbles to dust.
Something reflects your damage back at you!
* * * LOW HITPOINT WARNING * * *
You take 7 damage, and have 33/158 hp.
Your tentacles slow down.
Fire: b) +3 hand cannon (heavy)
Press: ? - help, Q - select action, (/) - cycle Shift-Dir - straight line, f - Sojobo
Aim: Sojobo, wielding a +1 great sword of venom and wearing a +2 ring mail of cold resistance (heavily wounded, inner flame, repelling missiles, 27% to hit)
You shoot a bolt. The bolt closely misses Sojobo.
Sojobo waves her feathered arms in wide circles.
The air twists around and strikes you!!
* * * LOW HITPOINT WARNING * * *
You take 21 damage, and have 12/158 hp.
You now have 1/21 mp.
You feel much better.
The tengu reaver is engulfed in blazing flames.
Sojobo mumbles some strange words.
You regained 29 hp, and now have 41/158 hp.
Fire: b) +3 hand cannon (heavy)
Press: ? - help, Q - select action, (/) - cycle Shift-Dir - straight line, f/p - Sojobo
Aim: Sojobo, wielding a +1 great sword of venom and wearing a +2 ring mail of cold resistance (heavily wounded, inner flame, repelling missiles, 27% to hit)
You shoot a bolt.
The bolt barely misses the air elemental.
The bolt closely misses Sojobo.
The air elemental fires a burst of electricity at you.
The stunning burst hits you but does no damage.
You suddenly lose the ability to move!
The tengu reaver is engulfed in blazing flames.
The death knight is engulfed in blazing flames.
The death knight reflects your damage back at you!
* * * LOW HITPOINT WARNING * * *
The air elemental is engulfed in blazing flames. x2
The tengu reaver is engulfed in blazing flames.
The death knight is engulfed in blazing flames.
The death knight reflects your damage back at you!
* * * LOW HITPOINT WARNING * * *
You can move again.
You take 12 damage, and have 29/158 hp.
Fire: b) +3 hand cannon (heavy)
Press: ? - help, Q - select action, (/) - cycle Shift-Dir - straight line, f/p - Sojobo
Aim: Sojobo, wielding a +1 great sword of venom and wearing a +2 ring mail of cold resistance (heavily wounded, inner flame, repelling missiles, 27% to hit)
You shoot a bolt.
The bolt barely misses the air elemental.
The bolt barely misses Sojobo.
The bolt hits the death knight!
The death knight is severely wounded.
The death knight reflects your damage back at you!
* * * LOW HITPOINT WARNING * * *
The death knight's dark mirror aura disappears.
The air elemental is engulfed in blazing flames.
The air elemental fires a burst of electricity at you.
The stunning burst misses you.
The air elemental is engulfed in blazing flames.
The air elemental fires a burst of electricity at you.
The stunning burst misses you.
The air elemental is engulfed in blazing flames.
The air elemental fires a burst of electricity at you.
The stunning burst misses you.
The tengu reaver is engulfed in blazing flames.
The tengu reaver gestures at you while chanting.
The bolt of lightning hits the air elemental.
The air elemental completely resists.
The bolt of lightning misses you.
The air elemental is engulfed in blazing flames.
The air elemental fires a burst of electricity at you.
The stunning burst misses you.
The air elemental fires a burst of electricity at you.
The stunning burst hits you but does no damage.
You shrug off the repeated paralysis!
You take 9 damage, and have 20/158 hp.
Fire: b) +3 hand cannon (heavy)
Press: ? - help, Q - select action, (/) - cycle Shift-Dir - straight line, f/p - Sojobo
Aim: Sojobo, wielding a +1 great sword of venom and wearing a +2 ring mail of cold resistance (heavily wounded, inner flame, repelling missiles, 27% to hit)
Okay, then.
Fire: b) +3 hand cannon (heavy)
Press: ? - help, Q - select action, (/) - cycle Shift-Dir - straight line, f/p - Sojobo
Aim: Sojobo, wielding a +1 great sword of venom and wearing a +2 ring mail of cold resistance (heavily wounded, inner flame, repelling missiles, 27% to hit)
Okay, then.
Unknown command.
The air elemental is engulfed in blazing flames.
The skeletal warrior is engulfed in blazing flames.
The tengu reaver is engulfed in blazing flames.
The air elemental fires a burst of electricity at you.
The stunning burst hits you.
You shrug off the repeated paralysis!
* * * LOW HITPOINT WARNING * * *
You take 5 damage, and have 15/158 hp.
You feel much better.
The air elemental fires a burst of electricity at you.
The stunning burst misses you.
The air elemental completely misses you.
Sojobo waves her feathered arms in wide circles.
The air twists around and strikes you.
* * * LOW HITPOINT WARNING * * *
The skeletal warrior is engulfed in blazing flames.
The air elemental fires a burst of electricity at you.
The stunning burst misses you.
The tengu reaver is engulfed in blazing flames.
You regained 20 hp, and now have 35/158 hp.
The air fills with toxic fumes!
As you read the scroll of poison, it crumbles to dust.
The air elemental fires a burst of electricity at you.
The stunning burst hits you but does no damage.
You suddenly lose the ability to move!
The air elemental hits you but does no damage. x3
The ghoul is engulfed in blazing flames.
The air elemental hits you.
* * * LOW HITPOINT WARNING * * *
The air elemental fires a burst of electricity at you.
The stunning burst hits you!
* * * LOW HITPOINT WARNING * * *
You can move again.
You take 10 damage, and have 25/158 hp.
You now have 1/21 mp.
You shoot a bolt. The bolt hits the air elemental!!!!
You destroy the air elemental!
The air elemental disappears in a puff of smoke!
The air elemental fires a burst of electricity at you.
The stunning burst misses you.
The air elemental fires a burst of electricity at you.
The stunning burst misses you. The air elemental closely misses you.
Sojobo is engulfed in poison gas.
Sojobo is poisoned.
Flame seeps out of Sojobo.
The air elemental completely misses you.
The air elemental hits you.
* * * LOW HITPOINT WARNING * * *
A ghoul comes into view.
You take 2 damage, and have 23/158 hp.
Blink to where?
Press: ? - help, Dir - move target
As you read the scroll of blinking, it crumbles to dust.
You are engulfed in poison gas.
You are poisoned.
* * * LOW HITPOINT WARNING * * *
You feel very sick.
The air elemental fires a burst of electricity at you.
The stunning burst hits you but does no damage.
You suddenly lose the ability to move!
The ghoul moves out of view.
You can move again.
You take 6 damage, and have 17/158 hp.
You are engulfed in poison gas.
You are lethally poisoned!
* * * LOW HITPOINT WARNING * * *
x2 You feel very sick.
The air elemental fires a burst of electricity at you.
The stunning burst misses you. The tengu reaver casts a spell at you.
The bolt of lightning misses the air elemental.
The bolt of lightning hits you!!
You die...

##§..##
#QE§§§#
##§§§##
##§§§##
##.E§§§##
#..§§§§§#
#..§§§§§#
#⌠.§§§§§#
#..@§§§§#
#.......#
##..⌠..##
#######


You could see a tengu reaver (repels missiles) and 2 air elementals.

Vanquished Creatures
  the Lernaean hydra (Swamp:4)
  A sphinx (Vaults:4)
  A thorn hunter (Swamp:3)
  Aizul (Swamp:2)
  A tengu reaver (Crypt:1)
  4 nagarajas
  11 vault wardens
  A deep elf elementalist (Elf:3)
  A very ugly thing (Vaults:1)
  2 orc warlords
  9 ironbound thunderhulks
  2 green draconians (Swamp:1)
  13 ironbound preservers
  Nessos (Orc:2)
  6 eleionomae
  A deep elf demonologist (Elf:1)
  7 dire elephants
  A deep elf death mage (Vaults:3)
  Azrael (D:15)
  3 bunyips
  A green death (Swamp:1)
  An ettin (D:15)
  3 crystal guardians
  Josephine (Orc:1)
  12 yaktaur captains
  15 hydras
  3 vault guards
  8 great orbs of eyes
  3 ogre magi (Orc:2)
  A ghost crab (Swamp:4)
  8 alligators
  An ice dragon (Lair:5)
  2 peacekeepers
  A salamander tyrant (Snake:4)
  7 anacondas
  2 catoblepae
  17 ironbound frosthearts
  21 centaur warriors
  3 two-headed ogres
  4 death yaks
  12 dancing weapons
  6 boulder beetles
  A tengu warrior (D:15)
  13 naga warriors
  A vampire mage (Vaults:3)
  Urug (Lair:4)
  2 demonic crawlers (Elf:1)
  8 naga sharpshooters
  3 shock serpents
  Nergalle (Lair:3)
  9 deep elf knights
  2 skeletal warriors (Vaults:3)
  A skyshark (Lair:5)
  5 sea snakes
  6 salamander mystics
  8 mana vipers
  3 goliath frogs
  14 swamp dragons
  8 arcanists
  2 spriggan druids
  2 naga ritualists
  An orange crystal statue (D:10)
  3 bog bodies (Swamp:2)
  50 deep trolls
  A phantasmal warrior (Crypt:1)
  11 ironbound convokers
  14 deep elf archers
  10 lindwurms
  5 harpies (Vaults:1)
  11 orc sorcerers
  8 orc knights
  26 deep elf pyromancers
  19 deep elf zephyrmancers
  A necromancer (Vaults:1)
  3 will-o-the-wisps
  27 ugly things
  6 cyclopes
  6 manticores
  A salamander (shapeshifter) (Elf:1)
  An oklob plant (Lair:5)
  27 black mambas
  8 salamanders
  3 meliai (D:14)
  2 kobold blastminers (Orc:1)
  15 vault sentinels
  7 elephants
  4 guardian serpents
  A gargoyle (D:10)
  A torpor snail (Lair:4)
  Maggie (Lair:1)
  10 naga magi
  12 cane toads
  A cane toad (shapeshifter) (D:14)
  8 rime drakes
  9 komodo dragons
  A freezing wraith (D:11)
  42 yaktaurs
  A komodo dragon (shapeshifter) (Elf:3)
  2 tengu conjurers (D:15)
  3 kobold demonologists
  2 bloated husks (Swamp:1)
  4 guardian mummies (Crypt:1)
  5 trolls
  A yaktaur skeleton (Vaults:1)
  A hornet (shapeshifter) (D:15)
  2 polar bears
  6 tyrant leeches
  Prince Ribbit (Lair:3)
  27 blink frogs
  7 hornets
  Sigmund (D:6)
  23 slime creatures
  15 dream sheep
  An air elemental (Elf:3)
  10 spriggans
  6 wraiths
  A jumping spider (shapeshifter) (D:14)
  45 yaks
  3 shadows
  3 water elementals
  A fire bat (shapeshifter) (D:14)
  A vampire (D:12)
  3 wargs
  6 wyverns
  A wyvern (shapeshifter) (D:11)
  8 fire elementals
  16 humans
  12 vampire mosquitoes
  7 steam dragons
  2 basilisks
  Menkaure (D:7)
  6 acid dragons
  48 nagas
  13 swamp worms
  8 hell hounds
  25 water moccasins
  A glowing shapeshifter skeleton (Vaults:1)
  15 swamp drakes
  26 orc warriors
  2 human zombies
  4 black bears
  9 laughing skulls
  18 wolves
  6 boggarts
  A crocodile (Sewer)
  10 ogres
  7 centaurs
  An elf zombie (Ossuary)
  4 kobold brigands
  13 bullfrogs
  2 gnoll sergeants
  2 earth elementals
  3 scorpions
  3 wights (D:8)
  6 killer bees (D:10)
  5 howler monkeys
  16 electric eels
  4 jellies
  A bombardier beetle (D:6)
  A hound (D:5)
  15 orc priests
  2 gnoll boudas
  3 sleepcaps
  4 scorpion zombies (Ossuary)
  14 iguanas
  31 orc wizards
  5 hell rats (Lair:5)
  8 mummies
  15 gnolls
  4 adders
  A white imp (D:6)
  4 ufetubi (D:5)
  4 adder zombies (Ossuary)
  2 ribbon worms
  2 dart slugs
  63 orcs
  17 endoplasms
  5 giant cockroaches
  2 gnoll zombies (Ossuary)
  15 goblins
  10 hobgoblins
  10 jackals
  33 kobolds
  4 quokkas
  5 ball pythons
  5 bats
  6 frilled lizards
  3 jackal zombies (Ossuary)
  3 kobold zombies (Ossuary)
  4 rats
1433 creatures vanquished.

Vanquished Creatures (collateral kills)
  2 orc warriors (Bailey)
  2 gnolls (Bailey)
  4 orcs (Bailey)
  6 hobgoblins (Bailey)
  3 kobolds (D:5)
17 creatures vanquished.

Vanquished Creatures (others)
  2 deep elf knights (Elf:2)
  A gnoll (Bailey)
  A hobgoblin (Bailey)
  A kobold (D:5)
  4 foxfires
9 creatures vanquished.

Grand Total: 1459 creatures vanquished

Notes
Turn   | Place    | Note
-------+----------+-------------------------------------------
     0 | D:1      | mdonais the Octopode Reaver began the quest for the Orb.
     0 | D:1      | Reached XP level 1. HP: 14/14 MP: 3/3
    36 | D:1      | Reached XP level 2. HP: 2/20 MP: 3/5
   462 | D:1      | Reached XP level 3. HP: 22/25 MP: 6/6
   470 | D:1      | Learned a level 2 spell: Momentum Strike
   614 | D:1      | Reached skill level 1 in Translocations
  1182 | D:2      | Reached XP level 4. HP: 15/30 MP: 7/7
  1284 | D:2      | Reached skill level 1 in Necromancy
  1373 | D:2      | Reached skill level 3 in Fighting
  1501 | D:2      | You fall into a shaft and drop 2 floors!
  1575 | D:3      | Found an iron altar of Okawaru.
  1581 | D:3      | Became a worshipper of Warmaster Okawaru
  1755 | D:3      | Found a glowing drain.
  1759 | Sewer    | Entered a sewer
  1790 | Sewer    | Reached XP level 5. HP: 36/36 MP: 8/8
  1837 | Sewer    | Noticed a crocodile
  1846 | Sewer    | Killed a crocodile
  1976 | D:4      | Noticed an ogre
  1990 | D:4      | Found Uzuamos's Weapon Shop.
  1993 | D:4      | Bought 2 datura-tipped darts for 19 gold pieces
  2044 | D:4      | Found a sand-covered staircase.
  2070 | Ossuary  | Entered an ossuary
  2084 | Ossuary  | Reached XP level 6. HP: 43/43 MP: 9/9
  2089 | Ossuary  | Reached skill level 4 in Fighting
  2272 | Ossuary  | Reached * piety under Okawaru
  2309 | Ossuary  | Reached skill level 1 in Invocations
  2384 | Ossuary  | Reached skill level 5 in Fighting
  2396 | Ossuary  | Reached XP level 7. HP: 34/50 MP: 10/10
  4302 | D:5      | Entered Level 5 of the Dungeon
  4631 | D:5      | Reached skill level 6 in Fighting
  4631 | D:5      | Reached skill level 5 in Short Blades
  4631 | D:5      | Reached skill level 1 in Evocations
  4631 | D:5      | Reached XP level 8. HP: 47/57 MP: 11/11
  5102 | D:6      | Identified a scroll of acquirement
  5390 | D:5      | Reached ** piety under Okawaru
  6152 | D:6      | Reached skill level 7 in Fighting
  6488 | D:6      | Reached *** piety under Okawaru
  6489 | D:6      | Reached XP level 9. HP: 66/66 MP: 12/12
  6505 | D:6      | Noticed Sigmund
  6511 | D:6      | Killed Sigmund
  6512 | D:6      | Reached skill level 8 in Fighting
  6727 | D:6      | Identified the +6 arbalest of Actus Reus {antimagic, Str+3
                  | Dex+2}
  6730 | D:6      | Acquired the +3 hat of Experimentation {Will++}
  6754 | D:6      | Reached skill level 1 in Ranged Weapons
  6842 | D:7      | Noticed Menkaure
  6903 | D:7      | Found a flagged portal.
  6931 | Bailey   | Entered a bailey
  7275 | Bailey   | Reached **** piety under Okawaru
  7279 | Bailey   | Reached skill level 5 in Ranged Weapons
  7649 | Bailey   | Reached XP level 10. HP: 29/72 MP: 1/13
  7880 | Bailey   | Noticed an orc warlord
  7892 | Bailey   | Killed an orc warlord
  8014 | Bailey   | Reached skill level 10 in Fighting
  8014 | Bailey   | Reached skill level 10 in Ranged Weapons
  8014 | Bailey   | Reached skill level 5 in Dodging
  8014 | Bailey   | Reached XP level 11. HP: 81/81 MP: 4/14
  8124 | D:7      | Found a staircase to the Ecumenical Temple.
  8137 | Temple   | Entered the Ecumenical Temple
  8169 | D:7      | Reached ***** piety under Okawaru
  8563 | D:7      | Killed Menkaure
  8657 | D:7      | Found a shimmering blue altar of Sif Muna.
  8774 | D:7      | Found Cigheunaut's Book Shoppe.
  9030 | D:6      | Learned a level 3 spell: Passwall
  9292 | D:8      | Acquired a +2 kite shield of reflection
  9526 | D:8      | Found a staircase to the Lair.
  9526 | D:8      | Noticed a death yak
 10017 | D:9      | Reached skill level 1 in Earth Magic
 10385 | D:9      | Found a staircase to the Orcish Mines.
 10459 | D:9      | Received a gift from Okawaru
 10695 | D:9      | Found an ancient bone altar of Kikubaaqudgha.
 10886 | D:9      | Found a shimmering altar of Xom.
 10889 | D:9      | Found a radiant altar of Vehumet.
 11331 | D:9      | Found an ancient bone altar of Kikubaaqudgha.
 11386 | D:9      | Found a staircase to the Orcish Mines.
 11435 | D:9      | Found a radiant altar of Vehumet.
 11438 | D:9      | Found a shimmering altar of Xom.
 11581 | D:10     | Entered Level 10 of the Dungeon
 11681 | D:10     | Acquired the ring "Satril" {rPois Will- Str+6 Int-4}
 11782 | D:10     | Noticed an orange crystal statue
 11939 | D:10     | Reached skill level 5 in Invocations
 11939 | D:10     | Reached skill level 5 in Evocations
 12170 | D:10     | Noticed a two-headed ogre
 12177 | D:10     | Killed a two-headed ogre
 12178 | D:10     | Reached XP level 12. HP: 82/89 MP: 2/15
 12467 | D:10     | Reached skill level 11 in Fighting
 12472 | D:10     | Received a gift from Okawaru
 12682 | Orc:1    | Entered Level 1 of the Orcish Mines
 12856 | Orc:1    | Found a dark tunnel.
 12912 | Volcano  | Entered a volcano
 13551 | Volcano  | Received a gift from Okawaru
 13819 | Volcano  | Reached skill level 12 in Fighting
 14223 | Orc:1    | Noticed Josephine
 14241 | Orc:1    | Killed Josephine
 14439 | Orc:1    | Noticed a sun demon
 14581 | Orc:1    | Received a gift from Okawaru
 15063 | D:8      | Killed a death yak
 15064 | D:8      | Reached XP level 13. HP: 85/97 MP: 4/17
 15148 | Lair:1   | Entered Level 1 of the Lair of Beasts
 15925 | Lair:1   | Noticed Maggie
 15979 | Lair:1   | Killed Maggie
 16391 | Lair:1   | Reached ****** piety under Okawaru
 16391 | Lair:1   | Received a gift from Okawaru
 16397 | Lair:1   | Acquired the +0 buckler of Vearu {rF+ Slay+3 Stlth+}
 16397 | Lair:1   | Received a gift from Okawaru
 16401 | Lair:1   | Acquired a +4 longbow of flaming
 16401 | Lair:1   | Received a gift from Okawaru
 16734 | Lair:2   | Reached skill level 13 in Fighting
 17121 | Lair:2   | Found a staircase to the Snake Pit.
 17174 | Lair:2   | Found the +4 skin of Zhor {*Englaciate rC+++ SInv}
 17671 | Lair:2   | Found a staircase to the Swamp.
 17778 | Lair:2   | Found a runed translucent door.
 17911 | Lair:2   | Reached XP level 14. HP: 106/106 MP: 20/20
 18148 | Lair:2   | Noticed becking's ghost (journeyman MiFi)
 18182 | Lair:3   | Noticed Nergalle
 18206 | Lair:3   | Killed Nergalle
 18364 | Lair:3   | Noticed Prince Ribbit
 18374 | Lair:3   | Killed Prince Ribbit
 18460 | Lair:3   | Reached skill level 5 in Spellcasting
 18815 | Lair:3   | Received a gift from Okawaru
 18876 | Lair:3   | Reached skill level 14 in Fighting
 20248 | Lair:4   | Reached skill level 10 in Stealth
 20395 | Lair:4   | Noticed Urug
 20425 | Lair:4   | Killed Urug
 20793 | Orc:2    | Entered Level 2 of the Orcish Mines
 21218 | Orc:2    | Found a staircase to the Elven Halls.
 21227 | Orc:2    | Noticed Nessos
 21505 | Orc:2    | Killed Nessos
 21975 | Orc:2    | Found Wycobot's Book Boutique.
 21997 | Orc:2    | Found Bedeuq's Antique Armour Shop.
 22027 | Orc:2    | Found an ancient bone altar of Kikubaaqudgha.
 22049 | Orc:2    | Received a gift from Okawaru
 22071 | Orc:2    | Found Ymomepra's Jewellery Shop.
 22118 | Orc:2    | Bought a +6 ring of dexterity for 432 gold pieces
 22123 | Orc:2    | Found a radiant altar of Vehumet.
 22149 | Orc:2    | Bought a +5 ring of evasion for 432 gold pieces
 22190 | Orc:2    | Found Miotubov's Distillery.
 22215 | Orc:2    | Bought a potion of heal wounds for 55 gold pieces
 22215 | Orc:2    | Bought a potion of heal wounds for 55 gold pieces
 22518 | Lair:5   | Entered Level 5 of the Lair of Beasts
 22554 | Lair:5   | Found a viscous altar of Jiyva.
 22555 | Lair:5   | Found a staircase to the Slime Pits.
 22750 | Lair:5   | Reached skill level 15 in Fighting
 22750 | Lair:5   | Reached skill level 15 in Ranged Weapons
 22793 | Lair:5   | Received a gift from Okawaru
 22813 | Lair:5   | Reached XP level 15. HP: 116/116 MP: 22/22
 23148 | Lair:5   | Reached skill level 10 in Dodging
 23266 | Lair:5   | Received a gift from Okawaru
 24341 | Lair:5   | Found a viscous altar of Jiyva.
 24344 | Lair:5   | Found a staircase to the Slime Pits.
 24460 | Lair:5   | Identified the +0 leather armour "Fudeymi" {rN+ Will+ MP-9}
 24754 | Snake:1  | Entered Level 1 of the Snake Pit
 24977 | Snake:1  | Identified the +1 trident "Uwuecoh" {freeze, rN+ Will-
                  | Str+4}
 25004 | Snake:1  | Found Hiery's Book Shop.
 25005 | Snake:1  | Found Nyudaur's Jewellery Shoppe.
 25007 | Snake:1  | Found Miatosuj's Book Shop.
 25026 | Snake:1  | Bought the ring "Yryxen" {rCorr MP-9 Int+3 Dex+6 SInv} for
                  | 723 gold pieces
 25189 | Snake:1  | Found Zehokus's Distillery.
 25412 | Snake:1  | Received a gift from Okawaru
 25712 | Snake:1  | Reached skill level 16 in Fighting
 26309 | Snake:2  | Noticed a nagaraja
 26316 | Snake:2  | Killed a nagaraja
 26467 | Snake:2  | Received a gift from Okawaru
 26730 | Snake:2  | Reached XP level 16. HP: 125/125 MP: 14/23
 27429 | Snake:3  | Received a gift from Okawaru
 27608 | Snake:3  | Reached skill level 17 in Fighting
 28763 | D:11     | Identified the +1 short sword "Yxuodere" {freeze, Will+
                  | Str+2 Dex-4 Stlth+}
 28930 | D:11     | Got the Verses on Firn
 29532 | D:11     | Learned a level 3 spell: Teleport Other
 29730 | D:12     | Received a gift from Okawaru
 30205 | D:13     | Found a gate to the Vaults.
 30757 | D:13     | Received a gift from Okawaru
 31309 | D:14     | Acquired 1001 gold pieces
 31554 | Snake:1  | Bought a manual of Ranged Weapons for 1280 gold pieces
 31570 | Snake:1  | Bought a potion of haste for 150 gold pieces
 31570 | Snake:1  | Bought a potion of heal wounds for 75 gold pieces
 31570 | Snake:1  | Bought a potion of haste for 150 gold pieces
 31804 | D:14     | Found a bloodstained altar of Trog.
 31918 | D:14     | Reached XP level 17. HP: 134/134 MP: 15/24
 32070 | D:14     | Received a gift from Okawaru
 32492 | D:15     | Entered Level 15 of the Dungeon
 32804 | D:15     | Found a staircase to the Depths.
 32839 | D:15     | Found Plog's Weapon Emporium.
 32891 | D:15     | Noticed Azrael
 32916 | D:15     | Killed Azrael
 33154 | D:15     | Received a gift from Okawaru
 33668 | Swamp:1  | Entered Level 1 of the Swamp
 34673 | Swamp:2  | Received a gift from Okawaru
 34784 | Swamp:2  | Reached skill level 18 in Fighting
 34955 | Swamp:2  | Identified the serpent talisman of Resourcefulness {rF+}
 34955 | Swamp:2  | Noticed Aizul
 35102 | Swamp:2  | Killed Aizul
 35740 | Swamp:3  | Received a gift from Okawaru
 35934 | Swamp:4  | Entered Level 4 of the Swamp
 36287 | Swamp:4  | Reached XP level 18. HP: 140/142 MP: 16/25
 36618 | Swamp:4  | Noticed the 27-headed Lernaean hydra
 36640 | Swamp:4  | Killed the 27-headed Lernaean hydra
 36645 | Swamp:4  | Received a gift from Okawaru
 36697 | Swamp:4  | Got a decaying rune of Zot
 37085 | Snake:4  | Entered Level 4 of the Snake Pit
 37175 | Snake:4  | Reached skill level 15 in Dodging
 37643 | Snake:4  | Reached skill level 19 in Fighting
 37734 | Snake:4  | Received a gift from Okawaru
 38039 | Snake:4  | Got a serpentine rune of Zot
 38585 | Elf:1    | Entered Level 1 of the Elven Halls
 39416 | Elf:1    | Received a gift from Okawaru
 40150 | Elf:2    | Reached XP level 19. HP: 150/150 MP: 17/26
 40493 | Elf:2    | Received a gift from Okawaru
 40778 | Elf:2    | Reached skill level 10 in Invocations
 40894 | Elf:2    | Found a runed translucent gate.
 40896 | Elf:2    | Found a runed translucent gate.
 40899 | Elf:2    | Found a runed translucent gate.
 41102 | Elf:3    | Entered Level 3 of the Elven Halls
 41589 | Elf:3    | Reached skill level 20 in Fighting
 42067 | Vaults:1 | Entered Level 1 of the Vaults
 42298 | Vaults:1 | Received a gift from Okawaru
 42978 | Vaults:1 | Received a gift from Okawaru
 43488 | Vaults:1 | Reached XP level 20. HP: 160/160 MP: 19/28
 43654 | Vaults:1 | Received a gift from Okawaru
 44012 | Vaults:2 | Found a large runed translucent door.
 44012 | Vaults:2 | Found a large runed translucent door.
 44012 | Vaults:2 | Found a large runed translucent door.
 44012 | Vaults:2 | Found a large runed translucent door.
 44012 | Vaults:2 | Found a large runed translucent door.
 44012 | Vaults:2 | Found a large runed translucent door.
 44012 | Vaults:2 | Found a large runed translucent door.
 44012 | Vaults:2 | Found a large runed translucent door.
 44012 | Vaults:2 | Noticed astronautguy's ghost (master FoEE)
 44254 | Vaults:2 | Reached skill level 21 in Fighting
 44791 | Vaults:2 | Received a gift from Okawaru
 45702 | Vaults:3 | Found Utoibuz's Antique Armour Shop.
 45715 | Vaults:3 | Found Fefu's Distillery.
 45842 | Vaults:3 | Received a gift from Okawaru
 46080 | Vaults:3 | Found Winoc's Distillery.
 46098 | Vaults:3 | Found Cetuy's Distillery.
 46184 | Vaults:3 | Reached skill level 22 in Fighting
 46257 | Vaults:3 | Found a staircase to the Crypt.
 46352 | Vaults:3 | Found the +8 autumn katana {manifold assault}
 46564 | Vaults:3 | Reached XP level 21. HP: 168/170 MP: 21/30
 46687 | Vaults:3 | Received a gift from Okawaru
 46912 | Vaults:3 | Found Impul's Book Shop.
 47033 | Vaults:4 | Reached skill level 1 in Shields
 47440 | Vaults:4 | Reached skill level 5 in Shields
 47518 | Vaults:4 | Received a gift from Okawaru
 48511 | Crypt:1  | Entered Level 1 of the Crypt
 48532 | Crypt:1  | Noticed Sojobo
 48550 | Crypt:1  | Paralysed by an air elemental for 1 turns
 48554 | Crypt:1  | Paralysed by an air elemental for 1 turns
 48556 | Crypt:1  | Paralysed by an air elemental for 1 turns
 48557 | Crypt:1  | HP: 6/158 [poisoned by you (poison gas)]
 48557 | Crypt:1  | Killed from afar by a tengu reaver

Illustrated notes

Levels and vault maps discovered:
D:1:      elethiomel_arrival_quiet, layout_loops_corners,
          minmay_indecisive_spiral
D:2:      layout_basic, kennysheep_decorative_pillar
D:3:      layout_loops_ring, mainiacjoe_overflow_cross_hatched,
          gup_sewer_entry_bowl
D:4:      layout_loops_ring, serial_shops, nicolae_shop_real_fake_doors,
          nicolae_ossuary_entry_false_entrances, due_unseen_surprise
D:5:      kennysheep_kobold_camp, layout_basic
D:6:      minmay_inner_zag, layout_gridville,
          serial_library_hellmonk_recessed_alcove, minmay_misc_feat_rows,
          serial_library_hellmonk_h_bend, uniq_sigmund
D:7:      layout_loops_ring, lemuel_blue_sif_altar,
          minmay_temple_entry_drinking_statues, serial_shops,
          nicolae_take_the_stairs, enter_bailey_5, uniq_menkaure
D:8:      layout_gridville, david_lair_generic
D:9:      layout_loops_ring, jmf_multi_god_temple2,
          mainiacjoe_overflow_small_starburst, orc_0_dummy,
          grunt_decor_mini_mirrors, chequers_big_river
D:10:     layout_basic, minmay_protected_statue
D:11:     minmay_tri_box, layout_irregular_city
D:12:     layout_long_grid, serial_bayou, serial_bayou_pond_e,
          serial_bayou_shore_a, serial_bayou_pond_d, serial_bayou_pond_e
D:13:     layout_loops_ring, david_vaults_3
D:14:     layout_irregular_city, bloody_trog
D:15:     hangedman_depths_entry_civil_slaughter, layout_loops_corners,
          minmay_misc_feat_more_columns, serial_shops, nicolae_shop_statue_plus,
          lemuel_flamethrower_3, uniq_azrael
Temple:   minmay_temple_bridge_d
Lair:1:   layout_long_grid, beast_lair_carwin_3, grunt_megastairs_5, uniq_maggie
Lair:2:   layout_regular_city, minmay_swamp_entry_reptiles,
          minmay_snake_entry_six_corridors, ebering_ghost_reflecting_pool,
          hellmonk_guarded_unrand_zhor
Lair:3:   layout_gridlike, patterned_corridor, lemuel_fruit_fields,
          serial_bayou_shore_b, uniq_prince_ribbit2, uniq_nergalle
Lair:4:   layout_roguey, guppyfry_lair_drakes, uniq_urug
Lair:5:   guppyfry_lair_end_dragon, layout_cave_pods, slime_entry_2,
          grunt_megastairs_4
Swamp:1:  layout_basic_swamp, evilmike_swamp_ruin_house_1, hangedman_swamp_dais,
          infiniplex_staircase_pool, nicolae_swamp_tree_isthmus
Swamp:2:  layout_falls_marsh, evilmike_swamp_ruin_house_4, swamp_pool_1_2,
          uniq_aizul
Swamp:3:  layout_basic_swamp, serial_swamp_ruin, evilmike_swamp_ruin_house_2,
          evilmike_swamp_ruin_house_6, evilmike_swamp_ruin_rubble_2
Swamp:4:  swamp_old_school, layout_basic_swamp
Snake:1:  layout_basic, serial_shops, shop,
          serial_library_hellmonk_small_corner, minmay_shop_grove
Snake:2:  layout_gridlike, serial_bayou_lake_a, lemuel_fruit_tree
Snake:3:  layout_grid_maze, serial_bayou_pond_d
Snake:4:  minmay_snake_end_coiled, layout_gridlike
Orc:1:    layout_caves, nicolae_volcano_entry_two_sided, uniq_josephine
Orc:2:    kennysheep_orc_mage_school, layout_diamond_mine,
          nicolae_orc_hostile_takeover, uniq_nessos
Elf:1:    nicolae_elf_arrival_fired_up, layout_loops_cross,
          hangedman_corner_corridor, einodemon_crawler_minivault
Elf:2:    elven_hall_of_blades_hangedman_original
          [nicolae_vaults_blade_armed_guards], layout_gridlike, uniq_louise
Elf:3:    minmay_elf_hall_furrowed, layout_geoelf_castle, dk_noncrumbling_3,
          nicolae_elf_crossing_hall
Vaults:1: v_misc_18, vaults_room_corners, nicolae_vaults_tetromino_T_2,
          v_alt_pattern_6, v_misc_30, nicolae_vaults_tangram_2,
          vaults_room_grid, nicolae_vaults_sesquioval_fish, vaults_dpeg_hooks,
          hangedman_vaults_cutoff, nicolae_vaults_tetromino_L_1,
          vaults_room_grid, vaults_room_door_ring, nicolae_vaults_double_plus_1,
          nicolae_vaults_bisected_slash, ontoclasm_vaults_misaligned,
          nicolae_vaults_layer_cake_slice, nicolae_vaults_tetromino_L_1,
          layout_vaults_maze_bifur
Vaults:2: advil_vaults_ghost_lines, v_misc_26, nicolae_vaults_sesquioval_fish,
          hangedman_vaults_variations, nicolae_vaults_more_shelving_1, v_misc_3,
          ontoclasm_vaults_fault, layout_vaults_omnigrid
Vaults:3: minmay_crypt_entry_simple_sparse, vaults_mumra_chevron,
          nicolae_vaults_trapezoid_lopsided_3, vaults_room_octagon, v_rooms_5,
          vaults_room_pool, v_misc_11, v_alt_pattern_5, v_misc_10,
          nicolae_vaults_octothorpe, ontoclasm_vaults_pinch,
          ontoclasm_vaults_ring_large, nicolae_vaults_cochlea,
          nicolae_vaults_tetromino_L_1, layout_vaults_omnicross, serial_shops,
          shop, shop, nicolae_shop_industrial_runoff, nicolae_shop_hallway_plus,
          nicolae_shop_peninsula
Vaults:4: nicolae_vaults_meiosis, nicolae_vaults_more_shelving_2,
          nicolae_vaults_turnstiles, nicolae_vaults_shelves_hall,
          nicolae_vaults_tetromino_T_2, vaults_standard_mumra_x, v_misc_10,
          nicolae_vaults_surprise_closet, layout_vaults_big_room
Crypt:1:  layout_regular_city, grunt_crypt_arrival_guarded_gate,
          roderic_lattice_octagonal_star, uniq_jory, uniq_khufu, uniq_josephina,
          uniq_sojobo

Skill      XL: |  1  2  3  4  5  6  7  8  9 10 11 12 13 14 15 16 17 18 19 20 21 |
---------------+----------------------------------------------------------------+-----
Stealth        | 2 3 4 6 7 8 9 10 12 | 12.0
Translocations | 1 2 3 |  3.0
Necromancy     | 1 |  1.0
Fighting       | 3 5 6 7 8 10 12 13 15 16 17 18 19 20 22 | 22.5
Short Blades   | 4 5 6 |  6.0
Invocations    | 2 3 4 5 6 7 8 9 11 12 | 12.0
Evocations     | 1 2 3 5 6 7 |  7.0
Dodging        | 3 5 6 7 8 11 13 14 15 16 18 | 18.0
Ranged Weapons | 7 10 12 13 15 19 20 | 20.0
Earth Magic    | 2 |  2.0
Spellcasting   | 4 5 |  5.0
Shields        | 7 |  7.9
Conjurations   | |  3.0

Action                     |  1- 3 |  4- 6 |  7- 9 | 10-12 | 13-15 | 16-18 | 19-21 || total
---------------------------+-------+-------+-------+-------+-------+-------+-------++-------
  Melee: Short sword       |    29 |       |       |       |       |       |       ||    29
         Constrict         |    13 |    32 |    60 |    12 |     3 |       |       ||   120
         Tentacles         |    10 |    37 |    68 |    16 |     3 |       |       ||   134
         Dagger            |    27 |   128 |   259 |    40 |    16 |       |       ||   470
         Punch             |       |     4 |     6 |     2 |       |       |       ||    12
   Fire: Arbalest          |       |       |    40 |   393 |   207 |       |       ||   640
         Longbow           |       |       |       |       |  1145 |  1465 |  1162 ||  3772
         Hand cannon       |       |       |       |       |       |       |    15 ||    15
  Throw: Dart              |       |       |    47 |     2 |     1 |       |       ||    50
         Boomerang         |       |       |    10 |       |       |       |       ||    10
   Cast: Kiss of Death     |     1 |       |       |       |       |       |       ||     1
         Momentum Strike   |       |     4 |    13 |     2 |       |       |       ||    19
         Passwall          |       |       |       |     2 |       |       |       ||     2
 Invoke: Heroism           |       |     1 |     6 |    10 |     9 |     2 |       ||    28
         Receive Weapon    |       |       |       |       |     1 |       |       ||     1
         Receive Armour    |       |       |       |       |     1 |       |       ||     1
         Finesse           |       |       |       |       |       |       |     1 ||     1
  Evoke: Wand              |       |       |       |     6 |     3 |     1 |       ||    10
    Use: Scroll            |       |     5 |     8 |     5 |    12 |     9 |     9 ||    48
         Potion            |       |       |     5 |     6 |       |     4 |     3 ||    18
   Stab: Sleeping          |     7 |     6 |    16 |     1 |       |       |       ||    30
         Distracted        |     1 |       |     1 |       |       |       |       ||     2
         Paralysed         |       |       |       |     6 |     3 |       |       ||     9
 Armour: Skin              |    25 |    32 |   100 |   135 |   330 |   220 |   136 ||   978
  Dodge: Dodged            |    31 |    45 |   114 |   137 |   567 |   548 |   367 ||  1809
  Block: Buckler           |       |       |       |       |       |       |     1 ||     1
